Introsp3ctive, lawful female dwarven Valkyrie @ ... .<. --- Introsp3ctive the Woman-at-arms Experience level: 12 Strength: 18/15 Dexterity: 14 Constitution: 20 Intelligence: 8 Wisdom: 10 Charisma: 8 Health: 143(143) Energy: 19(19) Def: 29 Gold: 1020 Moves: 26382 Dungeon seed: 1k1T1ddYFspXD6ZB Game ID: Introsp3ctive_1467722754 Your Inventory: Coins $ - 1020 gold pieces Amulets O - an uncursed amulet of reflection named <> Weapons a - the blessed rustproof +3 Excalibur (weapon in hand) k - 3 uncursed -3 orcish daggers V - an uncursed +0 dwarvish mattock Armor e - a blessed rusty +2 orcish helm (being worn) n - a blessed greased +4 gray dragon scale mail (being worn) q - a blessed +1 pair of iron shoes (being worn) y - a blessed +3 small shield (being worn) A - an uncursed +0 pair of leather gloves (being worn) N - a blessed +0 elven cloak (being worn) Y - an uncursed +0 pair of levitation boots Comestibles i - 18 uncursed food rations x - 2 uncursed tripe rations Z - an uncursed lizard corpse named Lizard Suit Larry Scrolls h - 2 uncursed scrolls of teleportation P - an uncursed scroll of destroy armor Q - a cursed scroll of earth Rings X - an uncursed ring of invisibility (on left hand) Wands d - an uncursed wand of magic missile (0:6) C - an uncursed wand of striking (0:7) J - an uncursed wand of cancellation named Cancellation (0:3) Tools r - an uncursed lock pick u - a blessed oil lamp (0:1089) v - an uncursed stethoscope U - an uncursed blindfold Spells and supernatural/magical abilities: Name Level Category Fail Memory W - pray for help -- divine ? -- Your skills at the end: Fighting Skills Weapon Skills dagger [Expert] long sword [Expert] Spellcasting Skills Final Attributes: You were piously aligned. You were fire resistant. You were cold resistant. You were level-drain resistant. You were magic-protected. You were telepathic. You had automatic searching. You had infravision. You were invisible. You were stealthy. You were protected. You were fast. You are dead. Vanquished creatures: a stone golem a trapper a baby green dragon a baby yellow dragon 3 liches 3 water trolls a nurse a frost giant 2 vampires a ghost a queen bee 4 giant mimics 2 fire giants an ogre king a rock troll a flesh golem a wumpus a baby purple worm 2 long worms a water elemental 2 giant mummies 3 giant zombies 2 elf-lords 4 wargs a winter wolf 3 small mimics 2 glass piercers 3 warhorses 3 xans 2 ettin mummies 3 ogre lords 2 quantum mechanics 5 trolls a wood golem 2 gelatinous cubes a pyrolisk a large dog 5 freezing spheres a flaming sphere 2 shocking spheres 4 tigers 2 leocrottas a mountain centaur an elf mummy a red naga a pit viper 2 cobras 2 wraiths 2 carnivorous apes 3 ettin zombies a leather golem 5 Grey-elves 4 soldiers 2 succubi an incubus a chameleon 2 crocodiles 5 giant beetles 2 quivering blobs 16 cockatrices a wolf 2 winter wolf cubs a lynx 5 panthers 30 gremlins 43 leprechauns an orc-captain 2 mumakil 2 giant spiders 2 scorpions 3 horses 2 ice vortices 3 black lights 2 vampire bats 2 forest centaurs 4 gnome kings 4 orc mummies a dwarf mummy 2 ogres a rust monster an owlbear 2 yetis 2 gold golems 2 werewolves 6 Green-elves 5 lizards a chickatrice a dog 2 dingos 2 housecats 3 jaguars a dwarf lord 2 blue jellies 4 gray unicorns 2 black unicorns 4 dust vortices 2 gnome mummies 6 snakes 5 apes 8 human zombies 3 rope golems 4 Woodland-elves 4 soldier ants 57 fire ants a bugbear 3 imps 2 quasits a wood nymph 6 water nymphs 25 Mordor orcs an orc shaman 7 rock piercers 2 rock moles 4 ponies a fog cloud 4 yellow lights a shrieker a violet fungus 7 gnome lords 5 gnomish wizards 8 kobold mummies a red naga hatchling a guardian naga hatchling a gray ooze a barrow wight 8 elf zombies a straw golem 5 paper golems a jellyfish a baby crocodile 13 giant ants 3 little dogs 17 floating eyes 4 kittens a dwarf 2 homunculi 2 kobold lords a kobold shaman 17 hill orcs 19 rothes 2 rabid rats a centipede 9 giant bats 10 monkeys 2 dwarf zombies a wererat a werejackal 14 iguanas 24 killer bees 5 acid blobs a coyote 4 gas spores 3 hobbits 3 large kobolds 5 hobgoblins 5 giant rats 5 cave spiders 3 brown molds 2 yellow molds 3 green molds 5 red molds 44 gnomes 11 garter snakes 6 gnome zombies 17 geckos 8 jackals a fox 3 kobolds 9 goblins 10 sewer rats 13 grid bugs 2 bats 13 lichens 5 kobold zombies 8 newts 814 creatures vanquished. Voluntary challenges: You had been an atheist until turn 6294. You used a wielded weapon 956 times, starting on turn 30. You read items or engraved 45 times, starting on turn 607. You never genocided any monsters. You never polymorphed an object. You changed form 1 time, starting on turn 17096. You used 1 wish, starting on turn 11810. You did not wish for any artifacts. You never split a pudding. You wrote Elbereth's name 1 time, starting on turn 24502. You violated your moral code, losing 79 points of alignment, starting on turn 5763. Dungeon overview: The Dungeons of Doom: levels 1 to 24 Level 1 a long staircase Level 2 Level 3 Level 4 (<>) a potion shop, a sink stairs to The Gnomish Mines Level 5 Level 6 Level 7 Level 8 a fountain Level 9 many fountains Level 10 (<>) a fountain, a sink stairs to Sokoban Level 11 (<>) Level 12 (<>) some fountains Level 13 (<>) an altar to Odin, a fountain, a sink Level 14 Level 15 Level 16 (<>) portal to The Quest Level 17 a general store Level 18 a fountain Level 19 (<>) a fountain Level 20 Level 21 a sink Level 22 a sink Level 23 Level 24 <- You were here The Gnomish Mines: levels 5 to 12 Level 5 stairs to The Dungeons of Doom Level 6 Level 7 Level 8 some shops, a temple to Tyr, some fountains, a sink Level 9 Level 10 Level 11 Level 12 some fountains The Quest: Level 1 a fountain portal to The Dungeons of Doom Sokoban: levels 6 to 9 Level 6 Level 7 Level 8 Level 9 stairs to The Dungeons of Doom History has recorded: On T:1 you entered the Dungeons of Doom to retrieve the Amulet of Yendor! On T:127 you reached level 2 of The Dungeons of Doom. On T:425 you advanced to experience level 2. On T:976 you advanced to experience level 3. On T:1201 you reached level 3 of The Dungeons of Doom. On T:1669 you advanced to experience level 4. On T:1716 you reached level 4 of The Dungeons of Doom. On T:1833 you reached level 1 of The Gnomish Mines. On T:2169 you reached level 5 of The Dungeons of Doom. On T:2216 you reached level 6 of The Dungeons of Doom. On T:2376 you advanced to experience level 5. On T:3448 you reached level 7 of The Dungeons of Doom. On T:3575 you advanced to experience level 6. On T:3659 you reached level 8 of The Dungeons of Doom. On T:4294 you advanced to experience level 7. On T:4459 you reached level 9 of The Dungeons of Doom. On T:4580 you advanced to experience level 8. On T:5960 you reached level 2 of The Gnomish Mines. On T:6168 you reached level 3 of The Gnomish Mines. On T:6773 you reached level 4 of The Gnomish Mines. On T:7405 you reached level 5 of The Gnomish Mines. On T:7447 you advanced to experience level 9. On T:7996 you reached level 6 of The Gnomish Mines. On T:9101 you received Mjollnir from Tyr. On T:9519 you reached level 7 of The Gnomish Mines. On T:9660 you reached level 8 of The Gnomish Mines. On T:10062 you advanced to experience level 10. On T:11810 you wished for "blessed greased +2 gray dragon scale mail". On T:13283 you reached level 10 of The Dungeons of Doom. On T:13347 you reached level 11 of The Dungeons of Doom. On T:13876 you reached level 4 of Sokoban. On T:14160 you reached level 3 of Sokoban. On T:14834 you reached level 2 of Sokoban. On T:15261 you reached level 1 of Sokoban. On T:18409 you advanced to experience level 11. On T:18621 you reached level 12 of The Dungeons of Doom. On T:19099 you reached level 13 of The Dungeons of Doom. On T:19555 you reached level 14 of The Dungeons of Doom. On T:19685 you reached level 15 of The Dungeons of Doom. On T:20096 you reached level 16 of The Dungeons of Doom. On T:20360 you reached level 1 of The Quest. On T:20545 you reached level 17 of The Dungeons of Doom. On T:21080 you reached level 18 of The Dungeons of Doom. On T:22417 you reached level 19 of The Dungeons of Doom. On T:22953 you reached level 20 of The Dungeons of Doom. On T:23174 you reached level 21 of The Dungeons of Doom. On T:23496 you reached level 22 of The Dungeons of Doom. On T:23622 you advanced to experience level 12. On T:23913 you reached level 23 of The Dungeons of Doom. On T:26382 you reached level 24 of The Dungeons of Doom. Score breakdown: Gold: 1020 (10235 points) Experience: 12 levels (18476 points) Exploration: 24 levels ( 51.06%) (21213 points) Discoveries: 35 items ( 14.23%) (11315 points) Valuables value: (no points given unless you survive) Artifact value: 4000 (12253 points) Variety of kills: 175 monsters ( 45.93%) (20331 points) Turncount: 26382 turns (-3811 points) Survival: died (score multiplied by 80%) Total score: 72009 Latest messages: You cannot reach the floor. You start removing your pair of levitation boots. You take off your pair of levitation boots. You float gently to the floor. A board beneath you squeaks loudly. P - a scroll called destroy armor. You start equipping your pair of iron shoes. You are now wearing a pair of iron shoes. There is nothing here to pick up. This door is locked. That door is closed. You succeed in picking the lock. The door opens. Q - a scroll labeled KERNOD WEL. There is a staircase down here. There are a few objects here. You meet Medusa's gaze. You turn to stone... Final status: Farvel Introsp3ctive the Valkyrie, petrified by catching the eye of Medusa... You turned to stone in The Dungeons of Doom on dungeon level 24 with 72009 points, and 1020 pieces of gold, after 26382 moves. You were level 12 with a maximum of 143 hit points when you turned to stone.